 Dungeon Crawl Stone Soup version 0.31-a0-188-g5e087ee2ca (webtiles) character file.

Game seed: 3852673659816294606

163 qw the Skirmisher (level 5, -2/29 HPs)
             Began as a Deep Elf Hunter on June 23, 2023.
             Slain by an orc priest
             ... wielding a +0 whip
              (6 damage)
             ... on level 3 of the Dungeon.
             The game lasted 00:00:50 (2043 turns).

qw the Skirmisher (Deep Elf Hunter)                 Turns: 2043, Time: 00:00:50

Health: -2/29      AC:  6    Str: 10    XL:     5   Next: 20%
Magic:  7/7        EV: 11    Int: 14    God:
Gold:   83         SH:  0    Dex: 18    Spells: 4/4 levels left

rFire   . . .        Y - +0 shortbow
rCold   . . .        (shield currently unavailable)
rNeg    . . .        d - +0 ring mail
rPois   .            (no helmet)
rElec   .            (no cloak)
rCorr   .            (no gloves)
SInv    .            g - +0 pair of boots
Will    .....        (no amulet)
Stlth   +            (no ring)
HPRegen 0.24/turn    (no ring)
MPRegen 0.10/turn

%: no passive effects
@: no status effects
A: no striking features
a: no special abilities


You were on level 3 of the Dungeon.
You visited 1 branch of the dungeon, and saw 3 of its levels.

You collected 83 gold pieces.


   Skills:
 - Level 1.5 Fighting
 + Level 8.6 Ranged Weapons
 - Level 2.4 Dodging
 - Level 1.2 Stealth


You had 4 spell levels left.
You didn't know any spells.
Your spell library was empty.

Inventory:

Hand Weapons
 Y - a +0 shortbow (weapon)
Armour
 d - a +0 ring mail (worn)
 g - a +0 pair of boots (worn)
Scrolls
 b - a scroll of revelation {unknown}
 h - 2 scrolls of identify
Potions
 a - a potion of lignification {unknown}
 f - a potion of might {unknown}
 i - a potion of heal wounds {unknown}
 j - a potion of curing {unknown}
 l - a potion of cancellation {unknown}

Dungeon Overview and Level Annotations

Branches:
Dungeon (3/15)

Altars:

Shops:
D:2 (


Message History

The orc priest calls down the wrath of Beogh upon you.
Beogh smites you!
Ouch! That really hurt!
You shoot an arrow. The arrow hits the orc priest.
You kill the orc priest!
You have reached level 5!
You start resting.
An orc priest comes into view. It is wielding a +0 whip.
You shoot an arrow.
The arrow completely misses the orc priest.
The orc priest shouts!
You hear a shout!
You shoot an arrow.
The arrow closely misses the orc priest.
You shoot an arrow.
The arrow closely misses the orc priest.
A giant cockroach comes into view.
You shoot an arrow.
The arrow closely misses the orc priest.
The orc priest hits you but does no damage.
You shoot an arrow. The arrow barely misses the orc priest.
The arrow hits the giant cockroach.
The giant cockroach is lightly wounded.
The orc priest closely misses you. The orc priest barely misses you.
You shoot an arrow. The arrow barely misses the orc priest.
The arrow barely misses the giant cockroach.
The orc priest hits you with a +0 whip.
You shoot an arrow. The arrow hits the orc priest.
The orc priest is lightly wounded.
The orc priest looks braver for a moment.
You shoot an arrow. The arrow barely misses the orc priest.
The arrow closely misses the giant cockroach.
The orc priest barely misses you.
You shoot an arrow. The arrow barely misses the orc priest.
The arrow closely misses the giant cockroach.
The orc priest hits you with a +0 whip.
You shoot an arrow. The arrow hits the orc priest.
The orc priest is heavily wounded.
The orc priest hits you with a +0 whip.
You die...

... .. .. . ####. #
...# #
#######.#######.###
####
..)......Bo@)).....
....
.######.#######....
.... ##.### # ####
.#####....#
..........#
#####....)# #.....#
#.....# #.....#


You could see an orc priest and a giant cockroach.

Vanquished Creatures
  An orc priest (D:3)
  3 adders
  4 gnolls (D:2)
  A worm (D:1)
  A dart slug (D:2)
  4 orcs (D:3)
  2 endoplasms (D:1)
  3 giant cockroaches
  3 goblins
  6 hobgoblins
  3 jackals (D:1)
  3 quokkas
  3 ball pythons
  7 bats
  6 kobolds
  9 rats
59 creatures vanquished.

Notes
Turn   | Place    | Note
-------+----------+-------------------------------------------
     0 | D:1      | qw the Deep Elf Hunter began the quest for the Orb.
     0 | D:1      | Reached XP level 1. HP: 12/12 MP: 3/3
     0 | D:1      | 0 ||| qw: Version: 0.3-a-9-g12657ce
     0 | D:1      | 0 ||| qw: Game counter: 3377
     0 | D:1      | 0 ||| qw: Always use a shield: true
     0 | D:1      | 0 ||| qw: God list: Okawaru
     0 | D:1      | 0 ||| qw: Allow faded altars: false
     0 | D:1      | 0 ||| qw: Do Orc after D:15 true
     0 | D:1      | 0 ||| qw: Do second Lair branch before Depths: true
     0 | D:1      | 0 ||| qw: Lair rune preference: random
     0 | D:1      | 0 ||| qw: Plans: Normal
     0 | D:1      | 0 ||| PLANNING D:1-11
   126 | D:1      | Reached XP level 2. HP: 16/16 MP: 4/4
   133 | D:1      | Reached skill level 6 in Ranged Weapons
   307 | D:1      | Found a faded altar of an unknown god.
   768 | D:1      | Reached XP level 3. HP: 20/20 MP: 5/5
   860 | D:1      | 860 ||| UPGRADING to +0 ring mail.
   870 | D:1      | 870 ||| DROPPING +0 leather armour.
   871 | D:1      | 871 ||| UPGRADING to +0 pair of boots.
   876 | D:1      | 876 ||| DROPPING ring of flight.
   877 | D:1      | 877 ||| READING 2 scrolls labelled XUVEGH IGAJON.
   878 | D:1      | 878 ||| READING scroll labelled GERUFI YPIF.
   879 | D:1      | 879 ||| READING scroll labelled ONUSOKHL XIUD.
   880 | D:1      | 880 ||| DROPPING scroll of amnesia.
   881 | D:1      | 881 ||| DROPPING scroll of butterflies.
   901 | D:2      | 901 ||| STAIRDANCE
   906 | D:1      | HP: 5/20 [worm (8)]
  1107 | D:2      | Reached skill level 7 in Ranged Weapons
  1119 | D:2      | Reached XP level 4. HP: 15/25 MP: 6/6
  1121 | D:2      | HP: 6/25 [gnoll/+0 flail (5)]
  1532 | D:2      | Found Huna's Weapon Shoppe.
  1536 | D:2      | 1536 ||| SHOPLISTING +0 shortbow of the Heavens {antimagic,
                  | rF+ Int+2} (272 gold, have 62).
  1619 | D:2      | 1619 ||| READING scroll labelled GOINUI GETYPTI.
  1620 | D:2      | 1620 ||| READING scroll labelled OGORCH WIYM.
  1721 | D:2      | 1721 ||| READING scroll labelled VOUBLETEVO.
  1782 | D:3      | Reached skill level 8 in Ranged Weapons
  2012 | D:3      | HP: 1/25 [orc priest/divine providence (13)]
  2014 | D:3      | Reached XP level 5. HP: 1/29 MP: 7/7
  2039 | D:3      | HP: 5/29 [orc priest/+0 whip (3)]
  2043 | D:3      | Slain by an orc priest

Levels and vault maps discovered:
D:1:      dpeg_arrival_ratfight, layout_basic,
          ebering_ecumenical_altar_petrified
D:2:      layout_loops_ring, serial_shops, nicolae_shop_back_alley_shop
D:3:      layout_basic, kennysheep_generic_room_11

Skill      XL: |  1  2  3  4 |
---------------+-------------+-----
Ranged Weapons | 6 7 8 |  8.6
Fighting       | |  1.5
Dodging        | |  2.4
Stealth        | |  1.2

Action                     |  1- 3 |  4- 6 || total
---------------------------+-------+-------++-------
   Fire: Shortbow          |   117 |    92 ||   209
    Use: Scroll            |     3 |     3 ||     6
 Armour: Leather armour    |     2 |       ||     2
         Ring mail         |     4 |    15 ||    19
  Dodge: Dodged            |    18 |    24 ||    42

Table legend:
 A = Non-vault XP
 B = Vault XP
 C = Vault XP percentage of total XP
 D = Non-vault monster count
 E = Vault monster count
 F = Vault count percentage of total count
                 A         B        C        D         E       F
            +---------+---------+-------+---------+---------+-------
      Total |     228 |       5 |   2.1 |      54 |       5 |   8.5
            +---------+---------+-------+---------+---------+-------
        D:1 |      41 |       5 |  10.9 |      22 |       5 |  18.5
        D:2 |      94 |       0 |   0.0 |      18 |       0 |   0.0
        D:3 |      93 |       0 |   0.0 |      14 |       0 |   0.0
            +---------+---------+-------+---------+---------+-------
